 Dungeon Crawl Stone Soup version 0.29-a0-923-g6e406bff71 (webtiles) character file.

Game seed: 5635205706509321468

251 Trash5 the Covered (level 5, -6/47 HPs)
             Began as a Minotaur Fighter on July 27, 2022.
             Shot with an arrow by a centaur (14 damage)
             ... on level 5 of the Dungeon.
             The game lasted 00:34:12 (2706 turns).

Trash5 the Covered (Minotaur Fighter)               Turns: 2706, Time: 00:34:12

Health: -6/47      AC:  8    Str: 23    XL:     5   Next: 88%
Magic:  4/4        EV:  9    Int: 11    God:
Gold:   115        SH:  4    Dex:  9    Spells: 4/4 levels left

rFire   . . .      SeeInvis .   j - +1 dagger (flame)
rCold   . . .      Faith    .   c - +0 buckler
rNeg    . . .      Spirit   .   b - +1 scale mail
rPois   .          Reflect  .   (helmet restricted)
rElec   .          Harm     .   (no cloak)
rCorr   .          Rampage  .   (no gloves)
Will    .....                   (no boots)
Stlth   ..........              (no amulet)
HPRegen 0.15/turn               h - +6 ring of intelligence
MPRegen 0.09/turn               (no ring)

@: no status effects
A: horns 2, retaliatory headbutt
a: no special abilities


You were on level 5 of the Dungeon.
You visited 1 branch of the dungeon, and saw 4 of its levels.

You collected 115 gold pieces.

Inventory:

Hand Weapons
 j - a +1 dagger of flaming (weapon)
Missiles
 n - 4 poisoned darts (quivered)
Armour
 b - a +1 scale mail (worn)
 c - a +0 buckler (worn)
Jewellery
 h - a +6 ring of intelligence (left hand)
Wands
 g - a wand of digging (3)
 m - a wand of mindburst (12)
Scrolls
 e - a scroll of identify
 i - a scroll of enchant weapon
 k - 2 scrolls of noise {unknown}
 l - a scroll of poison
Potions
 a - a potion of curing
 d - 3 potions of might
 f - a potion of haste


   Skills:
 + Level 4.7 Fighting
 + Level 4.4 Long Blades
 + Level 5.1 Armour
 + Level 1.4 Dodging
 - Level 0.1 Stealth
 + Level 4.7 Shields


You had 4 spell levels left.
You didn't know any spells.
Your spell library contained the following spells:

 Spells                   Type           Power      Damage    Failure   Level
 Apportation              Tloc           0%         N/A       73%         1
 Necrotise                Necr           0%         1d4       73%         1
 Summon Small Mammal      Summ           0%         N/A       73%         1


Dungeon Overview and Level Annotations

Branches:
Dungeon (3/15)

Altars:


Innate Abilities, Weirdness & Mutations

You have a pair of horns on your head.
You reflexively headbutt those who attack you in melee.


Message History

You hit the ogre. You burn the ogre.
You kill the ogre!
Your Armour skill increases to level 5!
Your Dodging skill increases to level 1!
You hear the hiss of an avalanche of sand nearby.
You hear the brisk hiss of an avalanche of sand nearby.
You hear the brisk hiss of an avalanche of sand nearby.
The centaur shouts!
The centaur wields a +0 shortbow.
The centaur shoots an arrow.
The arrow hits you!
The centaur shoots an arrow.
The arrow closely misses you.
The centaur shoots an arrow.
You block the arrow.
The centaur shoots an arrow.
The arrow hits you but does no damage.
The centaur shoots an arrow.
The arrow hits you.
The centaur shoots an arrow.
The arrow hits you but does no damage.
The centaur shoots an arrow.
The arrow barely misses you.
The centaur shoots an arrow.
The arrow barely misses you.
A dart slug comes into view.
The centaur shoots an arrow.
The arrow hits you.
The centaur shoots an arrow.
The arrow hits you!
* * * LOW HITPOINT WARNING * * *
The centaur shoots an arrow.
The arrow hits you but does no damage.
The centaur shoots an arrow.
The arrow barely misses you.
The centaur shoots an arrow.
The arrow hits you.
* * * LOW HITPOINT WARNING * * *
There is a stone staircase leading down here.
You hit the dart slug. You burn the dart slug. You headbutt the dart slug.
You kill the dart slug!
You hear the brisk hiss of a distant avalanche of sand.
The centaur wields a +0 shortbow.
The centaur shoots an arrow.
The arrow barely misses you.
The centaur shoots an arrow.
The arrow hits you.
The centaur shoots an arrow.
The arrow hits you.
* * * LOW HITPOINT WARNING * * *
The centaur shoots an arrow.
The arrow barely misses you.
The centaur shoots an arrow.
The arrow hits you but does no damage.
The centaur shoots an arrow.
The arrow hits you.
* * * LOW HITPOINT WARNING * * *
The centaur shoots an arrow.
The arrow hits you!
You die...

#.##..###.#.######
......# #.#.#....#####
......###.)...........
.###.#....##......#.##
##.#...####≈≈.......
#....c.P..c.≈..(.[.#
#......####≈≈......#
#..>#### ?........#
#..@# #.....!...#
#...# ##........#
#...# ##....# #...#
..... ...... .......
####...##


You could see a centaur.

Vanquished Creatures
  An ogre (D:5)
  Jessica (D:2)
  Natasha (thrice) (D:2)
  An adder (D:2)
  A shadow imp (D:5)
  A worm (D:2)
  4 dart slugs
  3 bats
  5 endoplasms
  A giant cockroach (D:1)
  6 goblins
  7 hobgoblins
  5 kobolds
  2 quokkas
  A frilled lizard (D:1)
  2 rats
44 creatures vanquished.

Vanquished Creatures (others)
  A bush (D:5)
  A plant (D:1)
2 creatures vanquished.

Grand Total: 46 creatures vanquished

Notes
Turn   | Place    | Note
-------+----------+-------------------------------------------
     0 | D:1      | Trash5 the Minotaur Fighter began the quest for the Orb.
     0 | D:1      | Reached XP level 1. HP: 19/19 MP: 0/0
   148 | D:1      | Reached XP level 2. HP: 21/27 MP: 1/1
   250 | D:1      | Reached skill level 4 in Armour
  1052 | D:1      | Reached XP level 3. HP: 33/33 MP: 2/2
  1142 | D:2      | Noticed Natasha
  1288 | D:2      | Killed Natasha
  1391 | D:2      | Noticed Jessica
  1416 | D:2      | Killed Jessica
  1417 | D:2      | Reached XP level 4. HP: 28/40 MP: 3/3
  1427 | D:2      | Upgraded the game from 0.29-a0-919-gd064cfad1c to
                  | 0.29-a0-923-g6e406bff71
  1471 | D:2      | Noticed Natasha
  1481 | D:2      | Killed Natasha
  1789 | D:2      | Noticed Natasha
  1794 | D:2      | Killed Natasha
  1795 | D:2      | Reached XP level 5. HP: 47/47 MP: 4/4
  2317 | D:3      | You fall into a shaft and drop 2 floors!
  2317 | D:5      | Entered Level 5 of the Dungeon
  2344 | D:5      | Noticed a centaur
  2484 | D:5      | Noticed an ogre
  2507 | D:5      | Killed an ogre
  2508 | D:5      | Reached skill level 5 in Armour
  2508 | D:5      | Reached skill level 1 in Dodging
  2706 | D:5      | Shot with an arrow by a centaur

Illustrated notes

Levels and vault maps discovered:
D:1:      lightli_arrival_flooded_house, layout_basic
D:2:      layout_rooms, uniq_natasha, uniq_jessica
D:3:      minmay_chambers_of_threes, layout_basic
D:5:      layout_loops_cross, lemuel_zombie_altar_kikubaaqudgha, serial_shops,
          shop_fountains, nicolae_ossuary_entry_plus, kb_lookout_dungeons_type,
          uniq_crazy_yiuf_cottage

Skill      XL: |  1  2  3  4  5 |
---------------+----------------+-----
Armour         | 4 5 |  5.1
Fighting       | 4 |  4.7
Shields        | 4 |  4.7
Long Blades    | 3 4 |  4.4
Dodging        | 1 |  1.4
Stealth        | |  0.1

Action                   |  1- 3 |  4- 6 || total
-------------------------+-------+-------++-------
Melee: Long sword        |    77 |    17 ||    94
       Headbutt          |     8 |     6 ||    14
       Dagger            |       |    25 ||    25
  Use: Potion            |     3 |     3 ||     6
       Scroll            |     4 |     2 ||     6
Armor: Scale mail        |    43 |    26 ||    69
Dodge: Dodged            |    40 |    40 ||    80
Block: Buckler           |    13 |    11 ||    24

Table legend: (Time is in decaauts)
 A = Elapsed time spent in this place.
 B = Non-inter-level travel time spent in this place.
 C = Inter-level travel time spent in this place.
 D = Time resting spent in this place.
 E = Time spent auto-exploring this place.
 F = Levels seen in this place.
 G = Mean time per level.
                   A        B        C        D        E       F      G
               +--------+--------+--------+--------+--------+-----+--------+
         Total |   2713 |   1976 |    737 |      0 |    456 |   4 |  678.2 |
       Dungeon |   2713 |   1976 |    737 |      0 |    456 |   4 |  678.2 |
               +--------+--------+--------+--------+--------+-----+--------+

Top non-repeatable levels by time:
     D:1: 1276 daAuts
     D:2: 955 daAuts
     D:5: 388 daAuts
     D:3: 92 daAuts
